 Dungeon Crawl Stone Soup version 0.24.0-123-gd5b16e6ec5 (webtiles) character file.

Game seed: 1883938975199296419, levelgen mode: deterministic

817 Locuples the Sneak (level 7, -1/50 HPs)
             Began as a Demonspawn Assassin on Jan 23, 2020.
             Killed from afar by Blork the orc (13 damage)
             ... with a puff of frost
             ... on level 4 of the Dungeon.
             The game lasted 00:13:35 (3659 turns).

Locuples the Sneak (Demonspawn Assassin)            Turns: 3659, Time: 00:13:36

Health: -1/50      AC:  3    Str: 11    XL:     7   Next: 62%
Magic:  0/7        EV: 12    Int: 13    God:
Gold:   195        SH:  0    Dex: 16    Spells: 6/6 levels left

rFire    + . .     SeeInvis .   i - +1 dagger (venom)
rCold    x . .     Gourm    .   (no shield)
rNeg     . . .     Faith    .   b - +0 robe
rPois    .         Spirit   +   (helmet restricted)
rElec    .         Reflect  .   c - +0 cloak
rCorr    .         Harm     .   (no gloves)
MR       .....                  (no boots)
Stlth    ++++......             (no amulet)
HPRegen  0.16/turn              a - ring of fire
MPRegen  0.20/turn              (no ring)

@: no status effects
A: antennae 1, claws 1, hooves 1, magic shield, magic regeneration
a: no special abilities


You were on level 4 of the Dungeon.
You were not hungry.

You visited 1 branch of the dungeon, and saw 4 of its levels.

You collected 195 gold pieces.

Inventory:

Hand Weapons
 h - a +0 dagger of draining
 i - a +1 dagger of venom (weapon)
 u - a +0 long sword
Missiles
 d - 2 poisoned darts (quivered)
 e - 2 curare-tipped darts
Armour
 b - a +0 robe (worn)
 c - a +0 cloak (worn)
Jewellery
 a - a ring of fire (left claw)
 p - a +4 ring of strength {unknown}
Wands
 n - a wand of paralysis (14)
Scrolls
 g - 4 scrolls of identify {unknown}
 k - a scroll of fear {unknown}
 l - a scroll of teleportation {unknown}
 o - a scroll of enchant weapon {unknown}
 q - a scroll of amnesia {unknown}
Potions
 j - 2 potions of heal wounds {unknown}
 m - a potion of cancellation {unknown}
 r - a potion of agility {unknown}
 s - a potion of berserk rage {unknown}
 t - a potion of flight {unknown}
Comestibles
 f - 7 rations
 v - a chunk of flesh


   Skills:
 - Level 2.0 Fighting
 + Level 5.4 Short Blades
 - Level 1.7 Throwing
 - Level 0.8 Dodging
 + Level 7.5 Stealth


You had 6 spell levels left.
You didn't know any spells.
Your spell library was empty.

Dungeon Overview and Level Annotations

Branches:
Dungeon (4/15)
 Temple: D:4-7

Altars:
Ashenzari
Elyvilon
Fedhas
Hepliaklqana
Kikubaaqudgha
Sif Muna

Shops:
D:4 [

Annotations:
D:4 Blork the orc


Innate Abilities, Weirdness & Mutations

You have a pair of small antennae on your head.
You have sharp fingernails.
You have large cloven feet.
When hurt, damage is shared between your health and your magic reserves.
You regenerate magic rapidly.


Message History

There is an open door here.
You see here 14 stones.
Blork the orc hits you from afar with a +0 glaive.
Blork the orc points at you and mumbles some strange words.
The magic dart hits you.
* * * LOW HITPOINT WARNING * * *
Blork the orc grunts loudly, as Orcs often do.
Blork the orc gestures at you while chanting.
The magic dart hits you.
* * * LOW HITPOINT WARNING * * *
Throwing (i - inventory. (/) - cycle)
d - 3 poisoned darts (quivered)
Press: ? - help, Shift-Dir - straight line, f/p - Blork the orc
Aim: Blork the orc, wielding a +0 glaive and wearing a cursed +0 robe (lightly wounded, fast, poisoned)
You throw a poisoned dart. The poisoned dart hits Blork the orc.
Blork the orc looks even sicker.
Blork the orc is lightly wounded.
Blork the orc casts a cantrip, but nothing happens.
Blork the orc gestures at you while chanting.
The puff of frost hits you!!
You feel a terrible chill!
You die...

.############.###################
........# #.# #§§≈≈≈§§§§≈≈≈§≈§
######'.# #.# #≈..§§.§.....§§.
......#.# ##+## #≈.§§≈≈....≈§§§.
####'.#.# ##...###≈.§≈§§....≈§§§§
....#.#.###...).##≈.§≈§§....§≈§§§
.##.#.#.##.....†.#≈.§≈§≈....≈≈§§[
.##.#.#.#........#≈....§.........
....#.#.'(....o.@'...............
####+.#.#........'...............
..#.##.......#≈..........§§..
######+.###.....##≈.§§§§....≈§≈≈.
...(....# ##...###§.§≈≈§...§§§§≈.
#.##.#### ##'## #≈.§§≈≈...§§≈≈≈§
#.##.# #.# #§.≈≈≈≈..§§≈§≈§§
.....# #.# #≈§..§§....§§§§.
#.######## ##.## #§§§§≈≈≈≈≈≈§§≈≈≈


You could see Blork the orc.

Vanquished Creatures
  Sigmund (D:4)
  Duvessa (D:4)
  An ogre (D:4)
  A big kobold (D:3)
  Dowan (D:4)
  A crimson imp (D:4)
  A hound (D:4)
  Crazy Yiuf (D:2)
  An orc wizard (D:4)
  3 worker ants (D:4)
  A hound zombie (D:4)
  6 adders
  2 oozes (D:2)
  An adder skeleton (D:4)
  A worm (D:4)
  4 dart slugs
  3 leopard geckos (D:4)
  7 orcs
  6 ball pythons
  2 giant cockroaches
  5 goblins
  7 hobgoblins
  5 jackals (D:4)
  2 kobolds
  6 bats
  4 frilled lizards
  9 rats
83 creatures vanquished.

Notes
Turn   | Place    | Note
-------+----------+-------------------------------------------
     0 | D:1      | Locuples the Demonspawn Assassin began the quest for the
                  | Orb.
     0 | D:1      | Reached XP level 1. HP: 16/16 MP: 1/1
    43 | D:1      | Reached skill level 4 in Stealth
   127 | D:1      | Gained mutation: When hurt, damage is shared between your
                  | health and your magic reserves. [demonic ancestry]
   127 | D:1      | Reached XP level 2. HP: 22/22 MP: 2/2
  1080 | D:2      | Found a shattered altar of Ashenzari.
  1092 | D:2      | Gained mutation: You have sharp fingernails. [demonic
                  | ancestry]
  1092 | D:2      | Reached XP level 3. HP: 23/27 MP: 1/3
  1366 | D:2      | Gained mutation: You regenerate magic rapidly. [demonic
                  | ancestry]
  1366 | D:2      | Reached XP level 4. HP: 33/33 MP: 4/4
  1427 | D:2      | Reached skill level 5 in Stealth
  1476 | D:2      | Found a runed translucent door.
  1477 | D:2      | Noticed Crazy Yiuf
  1488 | D:2      | Killed Crazy Yiuf
  1597 | D:3      | Found a faded altar of an unknown god.
  1629 | D:3      | Noticed a big kobold
  1645 | D:3      | Killed a big kobold
  1645 | D:3      | Gained mutation: You have a pair of small antennae on your
                  | head. [demonic ancestry]
  1645 | D:3      | Reached XP level 5. HP: 31/38 MP: 3/5
  2327 | D:4      | Noticed Sigmund
  2607 | D:4      | Reached XP level 6. HP: 33/44 MP: 3/6
  2634 | D:4      | Reached skill level 6 in Stealth
  2946 | D:4      | Killed Sigmund
  2946 | D:4      | Gained mutation: You have large cloven feet. [demonic
                  | ancestry]
  2946 | D:4      | Reached XP level 7. HP: 25/50 MP: 4/7
  3268 | D:4      | Found an ancient bone altar of Kikubaaqudgha.
  3268 | D:4      | Found a blossoming altar of Fedhas.
  3269 | D:4      | Found a hazy altar of Hepliaklqana.
  3271 | D:4      | Found a white marble altar of Elyvilon.
  3272 | D:4      | Found a shimmering blue altar of Sif Muna.
  3383 | D:4      | Found Koetz's Armour Emporium.
  3430 | D:4      | Noticed Duvessa
  3430 | D:4      | Noticed Dowan
  3432 | D:4      | Killed Duvessa
  3432 | D:4      | Reached skill level 5 in Short Blades
  3432 | D:4      | Reached skill level 7 in Stealth
  3454 | D:4      | Killed Dowan
  3638 | D:4      | Noticed Blork the orc
  3659 | D:4      | Killed from afar by Blork the orc

Levels and vault maps discovered:
D:1:      roderic_crossed_star, layout_basic
D:2:      layout_basic, ashenzari_conservatory_becter, first_ration,
          serial_bayou_lake_a, uniq_crazy_yiuf_cottage
D:3:      layout_basic, chequers_ecumenical_altar_simple
D:4:      layout_loops_corners, grunt_temple_overflow_open, serial_shops,
          nicolae_shop_statue_plus, minivault_11, kennysheep_dice, uniq_sigmund,
          uniq_duvessa, uniq_blork_the_orc

Skill      XL: |  1  2  3  4  5  6  7 |
---------------+----------------------+-----
Stealth        | 4 5 6 7 |  7.5
Short Blades   | 2 3 4 5 |  5.4
Fighting       | |  2.0
Throwing       | |  1.7
Dodging        | |  0.8

Action                   |  1- 3 |  4- 6 |  7- 9 || total
-------------------------+-------+-------+-------++-------
Melee: Dagger            |    84 |   114 |    54 ||   252
       Kick              |       |       |    19 ||    19
Throw: Dart              |       |    17 |     8 ||    25
 Stab: Sleeping          |     7 |     8 |     3 ||    18
       Distracted        |     1 |       |       ||     1
  Eat: Ration            |     1 |       |       ||     1
       Chunk             |       |     3 |     2 ||     5
Armor: Robe              |    22 |    13 |    10 ||    45
Dodge: Dodged            |    61 |    46 |    41 ||   148
